 Dungeon Crawl Stone Soup version 0.18.0-1-g0107ab7 (webtiles) character file.

695 epen the Insei (level 7, 0/48 HPs)
             Began as an Octopode Monk on May 5, 2016.
             Slain by an ice beast (12 damage)
             ... on level 5 of the Dungeon.
             The game lasted 00:04:16 (3826 turns).

epen the Insei (Octopode Monk)                      Turns: 3826, Time: 00:04:17

Health: 0/48       AC:  4    Str:  8 (11) XL:     7   Next: 64%
Magic:  7/7        EV: 15    Int: 12      God:
Gold:   232        SH:  0    Dex: 14 (16) Spells: 0 memorised, 6 levels left

rFire  . . .     SeeInvis .       - Unarmed
rCold  . . .     Gourm    .     (no shield)
rNeg   + . .     Faith    .     (helmet restricted)
rPois  .         Spirit   .     (no amulet)
rElec  .         Dismiss  .     i - ring of teleportation (curse)
rCorr  .         Reflect  .     n - ring of positive energy
SustAt .         Harm     .     m - +3 ring of protection
MR     .....     Rnd*Tele +     (no ring)
Stlth  ++++......               (no ring)
                                (no ring)
                                (no ring)
                                (no ring)

@: starving, not resistant to hostile enchantments, stealthy
A: almost no armour, amphibious, 8 rings, constrict 8, camouflage 1, gelatinous
body 1
a: no special abilities


You were on level 5 of the Dungeon.
You were starving.

You visited 1 branch of the dungeon, and saw 5 of its levels.

You collected 232 gold pieces.

Inventory:

Missiles
 j - a throwing net (quivered)
Jewellery
 i - a cursed ring of teleportation (left tentacle)
 m - a +3 ring of protection (on tentacle)
 n - a ring of positive energy (right tentacle)
 q - an uncursed ring of wizardry {unknown}
Scrolls
 b - 8 scrolls of identify {unknown}
 c - 2 scrolls of enchant weapon {unknown}
 d - a scroll of magic mapping {unknown}
 e - 2 scrolls of teleportation {unknown}
 h - 2 scrolls of enchant armour {unknown}
 o - 2 scrolls of remove curse {unknown}
 s - a scroll of immolation {unknown}
 u - a scroll of fear {unknown}
Potions
 g - a potion of degeneration
 k - a potion of curing
 l - 2 potions of flight {unknown}
 p - a potion of agility {unknown}
 v - a potion of ambrosia {unknown}
Comestibles
 a - 2 bread rations
 f - 2 meat rations
 r - a beef jerky


   Skills:
 + Level 4.3 Fighting
 * Level 5.5 Dodging
 + Level 5.6 Stealth
 * Level 6.1 Unarmed Combat


You had 6 spell levels left.
You didn't know any spells.

Dungeon Overview and Level Annotations

Branches:
Dungeon (5/15)             Temple (0/1) D:5

Altars:
Elyvilon
Yredelemnul


Innate Abilities, Weirdness & Mutations

You cannot wear most types of armour.
You are amphibious.
You can wear up to eight rings at the same time.
You can use your tentacles to constrict eight enemies at once.
Your skin changes colour to match your surroundings (Stealth).
Your rubbery body absorbs attacks (AC +1).


Message History

You tentacle-slap the ice beast. Your squeeze misses the ice beast.
The ice beast is severely wounded.
The ice beast hits you but does no damage.
You are starving!
You tentacle-slap the ice beast but do no damage.
The ice beast is severely wounded.
Drink which item? (? for menu, Esc to quit)
You feel better. The ice beast closely misses you.
You closely miss the ice beast.
The ice beast is severely wounded.
The ice beast hits you but does no damage.
You tentacle-slap the ice beast. Your squeeze misses the ice beast.
The ice beast is almost dead.
The ice beast hits you but does no damage.
You barely miss the ice beast.
The ice beast is almost dead.
The ice beast hits you.
* * * LOW HITPOINT WARNING * * *
The ice beast freezes you!
You die...

. #.# #.# . #.# #
#.####.#### #
.#.........# #
.........#.#####.#
####.....>###..)........
..............##Y######
.###......##..##@# .#
#.#.#.###..##.# .# #.#
#.........###### .# #..
#.###..#......... .# #.#
#.# #..#.######## .#
#.###.###..#.# .#
#..........#.# .#
#.###.###.##.#
.###.###.###.##.#


You could see an ice beast.

Vanquished Creatures
  Sigmund (D:3)
  An ogre (D:4)
  A centaur (D:5)
  2 scorpions
  2 orc wizards
  Jessica (D:2)
  2 worker ants
  A howler monkey zombie (D:5)
  5 adders
  An adder zombie (D:5)
  2 adder skeletons (D:5)
  2 worms
  11 orcs
  2 bats
  5 giant cockroaches
  11 goblins
  8 hobgoblins
  9 jackals
  4 kobolds
  A quokka (D:4)
  2 ball pythons
  A giant gecko skeleton (D:4)
  2 giant newts
  8 rats
85 creatures vanquished.

Notes
Turn   | Place    | Note
--------------------------------------------------------------
     0 | D:1      | epen the Octopode Monk began the quest for the Orb.
     0 | D:1      | Reached XP level 1. HP: 16/16 MP: 1/1
   214 | D:1      | Reached XP level 2. HP: 21/21 MP: 2/2
   679 | D:2      | Reached XP level 3. HP: 13/26 MP: 3/3
   917 | D:2      | Noticed Jessica
   924 | D:2      | Killed Jessica
   924 | D:2      | Reached XP level 4. HP: 28/31 MP: 4/4
  1266 | D:2      | Found a white marble altar of Elyvilon.
  1413 | D:2      | Found a basalt altar of Yredelemnul.
  1697 | D:3      | Found a faded altar to an unknown god.
  1921 | D:3      | Noticed Sigmund
  1926 | D:3      | Killed Sigmund
  1926 | D:3      | Reached skill level 5 in Unarmed Combat
  1926 | D:3      | Reached XP level 5. HP: 37/37 MP: 5/5
  1926 | D:3      | Reached XP level 6. HP: 43/43 MP: 6/6
  2675 | D:4      | Reached skill level 5 in Dodging
  3022 | D:4      | Reached skill level 5 in Stealth
  3022 | D:4      | Reached XP level 7. HP: 36/47 MP: 7/7
  3341 | D:5      | Entered Level 5 of the Dungeon
  3408 | D:5      | Reached skill level 6 in Unarmed Combat
  3709 | D:5      | Found a staircase to the Ecumenical Temple.
  3826 | D:5      | Slain by an ice beast

Skill      XL: |  1  2  3  4  5  6  7 |
---------------+----------------------+-----
Stealth        | 3 4 5 |  5.6
Dodging        | 4 5 |  5.5
Unarmed Combat | 5 6 |  6.1
Fighting       | 4 |  4.3

Action                   |  1- 3 |  4- 6 |  7- 9 || total
-------------------------+-------+-------+-------++-------
Melee: Unarmed           |    36 |   109 |    58 ||   203
       Constrict         |     8 |    28 |     9 ||    45
       Tentacles         |     6 |    24 |    10 ||    40
       Punch             |     1 |     5 |     2 ||     8
  Use: Potion            |       |       |     4 ||     4
 Stab: Sleeping          |     8 |    14 |     3 ||    25
       Distracted        |     1 |       |       ||     1
  Eat: Chunk             |       |     5 |       ||     5
       Royal jelly       |       |       |     1 ||     1
Armor: Skin              |     1 |    11 |    17 ||    29
Dodge: Dodged            |    14 |    47 |    31 ||    92
